 Dungeon Crawl Stone Soup version 0.21.1-1-g345015fe64 (webtiles) character file.

157 Ethylacetat the Chopper (level 5, -3/41 HPs)
             Began as a Demonspawn Fighter on July 6, 2018.
             Slain by an ice beast (13 damage)
             ... on level 4 of the Dungeon.
             The game lasted 00:15:23 (2691 turns).

Ethylacetat the Chopper (Demonspawn Fighter)        Turns: 2691, Time: 00:15:24

Health: -3/41      AC:  6    Str: 22    XL:     5   Next: 15%
Magic:  5/5        EV: 10    Int: 10    God:
Gold:   249        SH:  0    Dex: 12    Spells: 4/4 levels left

rFire    . . .     SeeInvis .   a - +0 war axe
rCold    . . .     Gourm    .   (no shield)
rNeg     . . .     Faith    .   b - +0 scale mail
rPois    .         Spirit   .   (no helmet)
rElec    .         Reflect  .   (no cloak)
rCorr    .         Harm     .   (no gloves)
MR       .....                  (no boots)
Stlth    +.........             (no amulet)
HPRegen  0.13/turn              (no ring)
MPRegen  0.09/turn              q - ring of wizardry

@: mighty
A: claws 1, nightstalker 1, powered by death 2
a: no special abilities


You were on level 4 of the Dungeon.
You were not hungry.

You visited 1 branch of the dungeon, and saw 4 of its levels.
You also visited: Sewer.

You collected 249 gold pieces.

Inventory:

Hand Weapons
 a - a +0 war axe (weapon)
Armour
 b - a +0 scale mail (worn)
Jewellery
 q - a ring of wizardry (right claw)
Scrolls
 e - 2 scrolls of amnesia
 j - 3 scrolls of identify
 l - 3 scrolls of magic mapping
 n - a scroll of enchant armour {unknown}
 o - a scroll of immolation {unknown}
 p - 4 scrolls of remove curse
 r - a scroll of noise {unknown}
 t - a scroll of fog {unknown}
 u - 3 scrolls of teleportation {unknown}
 v - a scroll of fear {unknown}
Potions
 c - a potion of flight {unknown}
 d - 4 potions of might
 g - 2 potions of berserk rage {unknown}
 h - 4 potions of curing {unknown}
 i - 2 potions of agility {unknown}
 k - 2 potions of heal wounds
 m - 5 potions of magic {unknown}
 s - a potion of degeneration {unknown}
Comestibles
 f - 10 rations


   Skills:
 + Level 3.5 Fighting
 * Level 4.4 Axes
 - Level 2.6 Armour
 + Level 0.8 Dodging
   Level 2.6 Shields


You had 4 spell levels left.
You didn't know any spells.

Dungeon Overview and Level Annotations

Branches:
Dungeon (4/15)
 Temple: D:4-7

Altars:
Wu Jian


Innate Abilities, Weirdness & Mutations

You have sharp fingernails.
You are slightly more attuned to the shadows.
You regenerate health from kills.


Message History

The ice beast barely misses you. The ice beast misses you.
You closely miss the ice beast.
The ice beast is heavily wounded.
The ice beast closely misses you.
You slash the ice beast!
The ice beast is almost dead.
The ice beast closely misses you.
You barely miss the ice beast.
The ice beast is almost dead.
The ice beast hits you but does no damage. x2
Your scale mail prevents you from hitting the ice beast.
The ice beast is almost dead.
The ice beast hits you. The ice beast freezes you!
* * * LOW HITPOINT WARNING * * *
You closely miss the ice beast.
The ice beast is almost dead.
The ice beast hits you.
* * * LOW HITPOINT WARNING * * *
The ice beast freezes you!
You die...

#.....#####
...........
#..........
.......... .........
#........
#............
#####Y..........
#...@...........####
#.#####+#..........##
#.#..................
#.#..................
#.#..............<...
#.#..................
#.#..................
#.#......#...........
#..................##


You could see an ice beast.

Vanquished Creatures
  7 adders
  A river rat (Sewer)
  An ooze (D:1)
  3 worms
  A dart slug (D:1)
  2 leopard geckos (D:1)
  An orc (D:3)
  3 ball pythons (Sewer)
  3 bats
  3 giant cockroaches
  6 goblins
  6 hobgoblins
  7 jackals
  2 quokkas (D:3)
  12 frilled lizards
  A kobold (D:2)
  13 rats
72 creatures vanquished.

Notes
Turn   | Place    | Note
-------+----------+-------------------------------------------
     0 | D:1      | Ethylacetat the Demonspawn Fighter began the quest for the Orb.
     0 | D:1      | Reached XP level 1. HP: 18/18 MP: 1/1
   103 | D:1      | Reached skill level 2 in Axes
   202 | D:1      | Gained mutation: You regenerate a little health from kills. [demonic ancestry]
   202 | D:1      | Reached XP level 2. HP: 22/24 MP: 2/2
   870 | D:2      | Gained mutation: You are slightly more attuned to the shadows. [demonic ancestry]
   870 | D:2      | Reached XP level 3. HP: 21/29 MP: 3/3
   906 | D:2      | Reached skill level 3 in Axes
   958 | D:2      | Found an ornate altar of the Wu Jian Council.
  1135 | D:2      | Gained mutation: You have sharp fingernails. [demonic ancestry]
  1135 | D:2      | Reached XP level 4. HP: 33/35 MP: 4/4
  1622 | D:3      | Found a glowing drain.
  1655 | Sewer    | Entered a sewer
  1689 | Sewer    | Reached skill level 4 in Axes
  2151 | D:3      | Gained mutation: You regenerate health from kills. [demonic ancestry]
  2151 | D:3      | Reached XP level 5. HP: 39/41 MP: 5/5
  2676 | D:4      | Noticed an ice beast
  2691 | D:4      | Slain by an ice beast

Skill      XL: |  1  2  3  4 |
---------------+-------------+-----
Axes           | 2 3 4 |  4.4
Fighting       | |  3.5
Armour         | |  2.6
Dodging        | |  0.8
Shields        | |  2.6

Action                   |  1- 3 |  4- 6 || total
-------------------------+-------+-------++-------
Melee: War axe           |   100 |   127 ||   227
  Use: Scroll            |     4 |       ||     4
       Potion            |       |     1 ||     1
  Eat: Chunk             |     1 |     5 ||     6
Armor: Scale mail        |    68 |    67 ||   135
Dodge: Dodged            |    66 |    70 ||   136
